 Dungeon Crawl Stone Soup version 0.30-a0-40-gc6d0f036a7 (webtiles) character file.

Game seed: 755029544880715080

3881 testman the Zephyrmancer (level 10, -1/65 HPs)
             Began as a Tengu Air Elementalist on Aug 25, 2022.
             Was a Follower of Ashenzari.
             Slain by a gnoll sergeant
             ... wielding a +0 trident
              (10 damage)
             ... on level 8 of the Dungeon on Aug 29, 2022.
             The game lasted 00:40:33 (8778 turns).

testman the Zephyrmancer (Tengu Air Elementalist)   Turns: 8778, Time: 00:40:34

Health: -1/65      AC:  7    Str: 16    XL:     10   Next: 19%
Magic:  8/16       EV: 18    Int: 19    God:    Ashenzari [*.....]
Gold:   610        SH:  0    Dex: 14    Spells: 6/16 levels left

rFire   . . .      SeeInvis .    c - +2 whip (elec)
rCold   . . .      Faith    .    (no shield)
rNeg    . . .      Spirit   .    N - +0 acid dragon scales
rPois   .          Reflect  .    (helmet restricted)
rElec   .          Harm     .    C - scarf "Sidereal Gloom" {shadows, Fort, Self} (curse)
rCorr   +          Rampage  .    K - +0 pair of gloves
Will    .....                    (boots unavailable)
Stlth   ++........               z - amulet "Ensconced With Me" {RegenMP, Cun, Comp} (curse)
HPRegen 0.20/turn                y - +6 ring of strength
MPRegen 0.55/turn                n - +4 ring of evasion

@: spiked, flying quickly and evasively, quick
A: beak, talons 3, nimble flight
a: Renounce Religion, Shatter the Chains


You were on level 8 of the Dungeon.
You worshipped Ashenzari.
Ashenzari was aware of your devotion.
You visited 2 branches of the dungeon, and saw 9 of its levels.

You collected 610 gold pieces.

Inventory:

Hand Weapons
 c - a +2 whip of electrocution (weapon)
Missiles
 p - 10 javelins
 u - a boomerang
 A - 6 curare-tipped darts
 I - 2 poisoned darts
 J - 3 throwing nets
Armour
 a - a +0 robe
 g - a +0 pair of gloves
 t - a +0 leather armour of willpower
 C - the cursed scarf "Sidereal Gloom" (worn) {shadows, Fort, Self}
   (You found it on level 4 of the Dungeon)

   It has a curse which improves the following skills: Fortitude: Armour and
   Shields.
   Introspection: Fighting and Spellcasting.
 K - a +0 pair of gloves (worn)
 N - +0 acid dragon scales (worn)
Jewellery
 d - a ring of resist corrosion
 n - a +4 ring of evasion (right hand)
 r - a ring of positive energy
 w - a +6 ring of dexterity
 y - a +6 ring of strength (left hand)
 z - the cursed amulet "Ensconced With Me" (around neck) {RegenMP, Cun, Comp}
   (You found it on level 4 of the Dungeon)

   [amulet of magic regeneration]

   It increases your rate of magic regeneration.
   It has a curse which improves the following skills: Cunning: Dodging and
   Stealth.
   Companions: Summonings and Necromancy.
 E - an amulet of the acrobat
 O - a ring of positive energy
Wands
 v - a wand of light (21)
 M - a wand of digging (1)
Scrolls
 e - a scroll of brand weapon
 h - 3 scrolls of immolation
 j - 12 scrolls of identify
 k - 2 scrolls of magic mapping
 q - a scroll of poison
 s - a scroll of silence
 x - 3 scrolls of vulnerability
 F - 4 scrolls of fear
 L - a scroll of summoning
Potions
 b - a potion of magic
 i - 2 potions of lignification
 l - 6 potions of curing
 m - a potion of brilliance
 o - 4 potions of cancellation
 B - a potion of invisibility
 D - a potion of mutation
 G - a potion of berserk rage
 H - 2 potions of flight


   Skills:
 + Level 7.7(8.6) Fighting
 + Level 8.4 Maces & Flails
 - Level 2.1(2.8) Dodging
 - Level 2.0(2.6) Stealth
 - Level 3.0(3.8) Spellcasting
 - Level 4.0 Conjurations
 + Level 11.6 Air Magic


You had 6 spell levels left.
You knew the following spells:

 Your Spells              Type           Power      Damage    Failure   Level
a - Shock                 Conj/Air       100%       1d9       1%          1
b - Static Discharge      Conj/Air       66%        3-8/arc   1%          2
c - Swiftness             Air            47%        N/A       1%          3
d - Airstrike             Air            23%        2d(4-20)  1%          4

Your spell library contained the following spells:

 Spells                   Type           Power      Damage    Failure   Level
 Magic Dart               Conj           72%        1d6       3%          1
 Searing Ray              Conj           36%        2d5       5%          2
 Sandblast                Erth           6%         2d5       19%         1
 Summon Small Mammal      Summ           12%        N/A       19%         1
 Stone Arrow              Conj/Erth      22%        3d8       26%         3
 Passwall                 Tmut/Erth      2%         N/A       28%         2
 Call Canine Familiar     Summ           3%         N/A       50%         3
 Gell's Gravitas          Tloc           3%         N/A       50%         3
 Lesser Beckoning         Tloc           3%         N/A       50%         3
 Summon Guardian Golem    Hex/Summ       3%         N/A       50%         3
 Teleport Other           Tloc           3%         N/A       50%         3
 Fulminant Prism          Conj/Hex       5%         3d7       63%         4


Dungeon Overview and Level Annotations

Branches:
Dungeon (8/15)             Temple (1/1) D:6
   Lair: D:8-11

Altars:
Ashenzari
Cheibriados
Dithmenos
Elyvilon
Hepliaklqana
Kikubaaqudgha
Nemelex Xobeh
Okawaru
Qazlal
Ru
Sif Muna
Trog
Vehumet
Xom
The Shining One

Shops:
D:1 [


Innate Abilities, Weirdness & Mutations

You have a beak for a mouth.
You have claws for feet.
Your magical nature lets you fly swiftly and evasively.


Message History

The zap hits the gnoll.
The gnoll is almost dead.
The gnoll sergeant barely misses you.
The manticore flicks its tail.
The volley of spikes hits you!
The barbed spikes become lodged in your body.
Unknown command.
Aiming: Shock (safe; 1% risk of failure)
Press: ? - help, Q - select action, (/) - cycle Shift-Dir - straight line, f - gnoll, p - gnoll
Aim: a gnoll, wielding a +0 spear (almost dead, 77% to hit)
The zap hits the manticore!
The manticore is heavily wounded.
The zap hits the gnoll.
You kill the gnoll!
The gnoll sergeant hits you from afar with a +0 trident.
The manticore flicks its tail.
The volley of spikes hits you!
The barbed spikes become lodged in your body.
* * * LOW HITPOINT WARNING * * *
You feel much better. The gnoll sergeant barely misses you.
Casting: Shock (safe; 1% risk of failure)
Confirm with . or Enter, or press ? or * to list all spells.
The manticore is struck by an arc of lightning!
The manticore is severely wounded.
You are struck by an arc of lightning.
The manticore is struck by an arc of lightning!
The manticore is almost dead.
The lightning grounds out.
The gnoll sergeant hits you from afar with a +0 trident!
The manticore closely misses you. The manticore claws you!
* * * LOW HITPOINT WARNING * * *
The manticore misses you.
Casting: Static Discharge (safe; 1% risk of failure)
Confirm with . or Enter, or press ? or * to list all spells.
The manticore is struck by an arc of lightning!
You kill the manticore!
You are struck by an arc of lightning.
* * * LOW HITPOINT WARNING * * *
The gnoll sergeant hits you from afar with a +0 trident!
You die...

#. .. #H #####. ....).
....gg####### ########
....gg)@....# #.......
###########.# #.......
##.#####....... #.
#).....#....... #.#
#......#....... #.#
#......#.......
###.###############.<....#)......
....#............................
....#.###########################


You could see a gnoll sergeant and 3 gnolls.

Vanquished Creatures
  A two-headed ogre (D:8)
  A manticore (D:8)
  Joseph (D:7)
  Prince Ribbit (D:6)
  An acid dragon (D:8)
  3 black bears (D:6)
  An orc warrior (D:7)
  An ice beast (D:5)
  4 ogres
  2 centaurs
  3 bullfrogs
  A necrophage (D:6)
  3 scorpions
  5 wights (D:6)
  A howler monkey (D:4)
  8 orc priests
  2 jellies
  2 gnoll boudas
  2 hounds
  6 orc wizards
  11 gnolls
  12 adders
  2 white imps
  2 ufetubi
  4 worms
  4 dart slugs
  38 orcs
  7 ball pythons
  4 bats
  7 endoplasms
  3 giant cockroaches
  6 goblins
  4 hobgoblins
  6 jackals
  10 kobolds
  4 quokkas
  3 frilled lizards
  20 rats
196 creatures vanquished.

Vanquished Creatures (others)
  5 plants
5 creatures vanquished.

Grand Total: 201 creatures vanquished

Notes
Turn   | Place    | Note
-------+----------+-------------------------------------------
     0 | D:1      | testman the Tengu Air Elementalist began the quest for the
                  | Orb.
     0 | D:1      | Reached XP level 1. HP: 10/10 MP: 4/4
   307 | D:1      | Reached XP level 2. HP: 15/15 MP: 3/6
   578 | D:1      | Found Sucesum's Antique Armour Emporium.
   897 | D:2      | Reached XP level 3. HP: 19/19 MP: 3/7
   937 | D:2      | Found a shimmering altar of Xom.
  1733 | D:3      | Upgraded the game from 0.30-a0-23-ge60ba3568b to
                  | 0.30-a0-40-gc6d0f036a7
  1761 | D:3      | Reached XP level 4. HP: 23/24 MP: 9/9
  1892 | D:3      | Reached skill level 5 in Air Magic
  2615 | D:3      | Learned a level 2 spell: Static Discharge
  2619 | D:3      | Learned a level 3 spell: Swiftness
  2686 | D:3      | Gained mutation: Your magical nature lets you fly swiftly
                  | and evasively. [Tengu growth]
  2686 | D:3      | Reached XP level 5. HP: 26/28 MP: 1/10
  2989 | D:4      | Noticed an ogre
  2990 | D:4      | Reached skill level 1 in Maces & Flails
  2990 | D:4      | Reached skill level 6 in Air Magic
  2993 | D:4      | Reached skill level 1 in Fighting
  3031 | D:4      | Killed an ogre
  3032 | D:4      | Reached XP level 6. HP: 34/34 MP: 0/11
  3296 | D:4      | Reached XP level 7. HP: 22/40 MP: 2/12
  3798 | D:4      | Learned a level 4 spell: Airstrike
  3867 | D:4      | Reached skill level 7 in Air Magic
  4009 | D:5      | Entered Level 5 of the Dungeon
  4439 | D:5      | Reached XP level 8. HP: 48/48 MP: 11/13
  4460 | D:5      | Found a shadowy altar of Dithmenos.
  4484 | D:5      | Reached skill level 8 in Air Magic
  5122 | D:6      | Reached skill level 5 in Maces & Flails
  5252 | D:6      | Reached skill level 5 in Fighting
  5252 | D:6      | Reached skill level 9 in Air Magic
  5350 | D:6      | Noticed Prince Ribbit
  5367 | D:6      | Killed Prince Ribbit
  5368 | D:6      | Reached XP level 9. HP: 9/54 MP: 4/14
  5701 | D:6      | Found a sparkling altar of Nemelex Xobeh.
  5923 | D:6      | Found an ancient bone altar of Kikubaaqudgha.
  6252 | D:6      | Found a staircase to the Ecumenical Temple.
  6260 | Temple   | Entered the Ecumenical Temple
  6421 | Temple   | Became a worshipper of Ashenzari the Shackled
  6520 | D:6      | Reached skill level 10 in Air Magic
  7205 | D:7      | Noticed Joseph
  7222 | D:7      | Killed Joseph
  8130 | D:7      | Reached * piety under Ashenzari
  8172 | D:8      | Found a snail-covered altar of Cheibriados.
  8173 | D:8      | Noticed a two-headed ogre
  8181 | D:8      | Killed a two-headed ogre
  8182 | D:8      | Reached skill level 11 in Air Magic
  8182 | D:8      | Reached XP level 10. HP: 64/64 MP: 4/16
  8563 | D:8      | Found a glowing golden altar of the Shining One.
  8765 | D:8      | Noticed a manticore
  8778 | D:8      | Killed a manticore
  8778 | D:8      | Slain by a gnoll sergeant

Illustrated notes

Levels and vault maps discovered:
D:1:      dpeg_arrival_refuge, layout_basic, serial_shops,
          nicolae_shop_overgrown_old_shop, serial_rivers,
          chequers_serial_rivers_small_3, chequers_serial_rivers_small_3,
          chequers_serial_rivers_micro_d, chequers_serial_rivers_micro_e,
          chequers_serial_rivers_micro_a
D:2:      layout_basic, basic_altar, kennysheep_cluttered_room,
          serial_bayou_lagoon_a, mrwooster_statue_mirror
D:3:      layout_loops_corners, minmay_rat_hole
D:4:      layout_rooms, serial_rivers, chequers_serial_rivers_large_a,
          chequers_serial_rivers_micro_d, chequers_serial_rivers_micro_b,
          chequers_serial_rivers_micro_e, chequers_serial_rivers_large_b,
          chequers_serial_rivers_micro_c, minmay_starry_boxes
D:5:      layout_rooms, mainiacjoe_overflow_small_starburst
D:6:      layout_layer_cave, mainiacjoe_overflow_alcove_1,
          mainiacjoe_overflow_boulevard, minmay_temple_entry_large_hall,
          uniq_prince_ribbit1
D:7:      layout_loops_corners, uniq_joseph
D:8:      layout_basic, kennysheep_slug_shrine, mainiacjoe_overflow_alcove_2
Temple:   hellmonk_temple_flake

Skill      XL: |  1  2  3  4  5  6  7  8  9 |
---------------+----------------------------+-----
Conjurations   | 2 3 4 |  4.0
Air Magic      | 5 6 7 9 11 | 11.6
Spellcasting   | 3 |  3.0
Maces & Flails | 1 2 4 6 8 |  8.4
Fighting       | 1 2 3 5 7 |  7.7
Dodging        | |  2.1
Stealth        | |  2.0

Action                   |  1- 3 |  4- 6 |  7- 9 | 10-12 || total
-------------------------+-------+-------+-------+-------++-------
Melee: Whip              |    61 |    78 |   140 |    25 ||   304
       Peck              |    10 |    15 |    28 |     9 ||    62
       Kick              |    10 |    18 |    45 |    10 ||    83
       Punch             |       |       |     2 |       ||     2
Throw: Boomerang         |       |       |     1 |       ||     1
 Cast: Shock             |    16 |    48 |    29 |     7 ||   100
       Static Discharge  |       |     8 |    19 |     7 ||    34
       Airstrike         |       |       |     9 |       ||     9
Invok: Curse Item        |       |       |     2 |       ||     2
  Use: Potion            |       |       |       |     2 ||     2
 Stab: Sleeping          |     6 |     4 |     3 |     1 ||    14
       Distracted        |       |     1 |       |       ||     1
Armor: Robe              |    11 |     9 |       |       ||    20
       Leather armour    |       |     4 |     9 |     1 ||    14
       Acid dragon scale |       |       |       |     2 ||     2
Dodge: Dodged            |    37 |    77 |   114 |    29 ||   257

Table legend: (Time is in decaauts)
 A = Elapsed time spent in this place.
 B = Non-inter-level travel time spent in this place.
 C = Inter-level travel time spent in this place.
 D = Time resting spent in this place.
 E = Time spent auto-exploring this place.
 F = Levels seen in this place.
 G = Mean time per level.
                   A        B        C        D        E       F      G
               +--------+--------+--------+--------+--------+-----+--------+
         Total |   8420 |   8220 |    200 |    283 |   6687 |   9 |  935.6 |
       Dungeon |   8264 |   8088 |    176 |    283 |   6566 |   8 | 1033.0 |
        Temple |    155 |    132 |     23 |      0 |    120 |   1 |  155.0 |
               +--------+--------+--------+--------+--------+-----+--------+

Top non-repeatable levels by time:
     D:6: 1491 daAuts
     D:7: 1281 daAuts
     D:3: 1155 daAuts
     D:4: 1139 daAuts
     D:5: 961 daAuts
     D:1: 894 daAuts
     D:2: 780 daAuts
     D:8: 559 daAuts
  Temple: 155 daAuts
